 Dungeon Crawl Stone Soup version 0.30-a0-121-gb27577e5d9 (webtiles) character file.

Game seed: 1418617250352158559

1488 DEFE the Protected (level 9, 0/79 HPs)
             Began as a Meteoran Fighter on Sept 14, 2022.
             Was a Follower of the Shining One.
             Succumbed to a wight's poison
             ... on level 8 of the Dungeon.
             The game lasted 00:06:46 (4255 turns).

DEFE the Protected (Meteoran Fighter)               Turns: 4255, Time: 00:06:47

Health: 0/79       AC: 13    Str: 21 (22) XL:     9   Next: 28%
Magic:  10/10      EV:  9    Int: 10 (11) God:    the Shining One [*.....]
Gold:   473        SH:  0    Dex: 10 (13) Spells: 8/8 levels left

rFire   . . .      SeeInvis .    a - +1 war axe (elec)
rCold   . . .      Faith    .    (no shield)
rNeg    . . .      Spirit   .    b - +0 scale mail
rPois   .          Reflect  .    (no helmet)
rElec   .          Harm     .    e - +0 cloak
rCorr   .          Rampage  .    g - +0 pair of gloves
Will    ++...                    h - +1 pair of boots
Stlth   ..........               (no amulet)
HPRegen 0.23/turn                B - ring of willpower
MPRegen 0.12/turn                (no ring)

@: lethally poisoned (0 -> -3), attractive, glowing, studying Ice Magic
A: sense surroundings 2, otherworldly, glowing, explore regen
a: Renounce Religion, Divine Shield


You were on level 8 of the Dungeon.
You worshipped the Shining One.
The Shining One was aware of your devotion.
You visited 1 branch of the dungeon, and saw 8 of its levels.

You collected 473 gold pieces.

Inventory:

Hand Weapons
 a - a +1 war axe of electrocution (weapon)
Missiles
 q - 5 curare-tipped darts (quivered)
Armour
 b - a +0 scale mail (worn)
 e - a +0 cloak (worn)
 g - a +0 pair of gloves (worn)
 h - a +1 pair of boots (worn)
Jewellery
 p - a +6 ring of intelligence
 B - a ring of willpower (left hand)
Wands
 m - a wand of acid (5)
 o - a wand of iceblast (8)
 y - a wand of flame (24)
Scrolls
 c - a scroll of vulnerability
 f - a scroll of blinking
 i - a scroll of silence
 k - a scroll of butterflies
 l - 2 scrolls of poison
 t - a scroll of brand weapon
 u - 2 scrolls of teleportation
 w - a scroll of enchant armour {unknown}
 A - a scroll of identify
Potions
 d - a potion of might
 j - a potion of mutation
 n - a potion of haste
 x - a potion of lignification {unknown}
 z - a potion of berserk rage {unknown}


   Skills:
 + Level 7.4 Fighting
 + Level 7.7 Axes
 + Level 8.2 Armour
 - Level 3.8 Shields


You had 8 spell levels left.
You didn't know any spells.
Your spell library contained the following spells:

 Spells                   Type           Power      Damage    Failure   Level
 Magic Dart               Conj           0%         1d3       65%         1
 Call Imp                 Summ           0%         N/A       80%         2
 Ensorcelled Hibernation  Hex/Ice        0%         N/A       80%         2
 Passwall                 Tmut/Erth      0%         N/A       80%         2
 Mephitic Cloud           Conj/Pois/Air  0%         N/A       95%         3
 Ozocubu's Armour         Ice            0%         N/A       95%         3
 Portal Projectile        Hex/Tloc       0%         N/A       95%         3
 Swiftness                Air            0%         N/A       95%         3
 Tukima's Dance           Hex            0%         N/A       95%         3
 Blade Hands              Tmut           0%         N/A       100%        5
 Metabolic Englaciation   Hex/Ice        0%         N/A       100%        5
 Simulacrum               Ice/Necr       0%         N/A       100%        6


Dungeon Overview and Level Annotations

Branches:
Dungeon (8/15) Zot: 465    Temple (0/1) D:6
   Lair: D:8-11

Altars:
Dithmenos
Gozag
Hepliaklqana
Yredelemnul
The Shining One

Annotations:
D:5 1 exclusion


Innate Abilities, Weirdness & Mutations

You passively map the area around you.
You are easily found by Zot.
You glow in the dark.
You regain HP and MP as you explore.


Message History

You feel very sick. The wight hits you but does no damage.
You take 2 damage, and have 11/79 hp.
Unknown command.
You slash the wight!
You feel sick. The wight barely misses you.
The wight hits you but does no damage. The wight barely misses you.
You take 2 damage, and have 9/79 hp.
Unknown command.
You barely miss the wight.
You feel sick.
The wight hits you but does no damage. x2
You take 2 damage, and have 7/79 hp.
Unknown command.
Unknown command.
You hit the wight. Lightning courses through the wight!
You destroy the wight!
The Shining One accepts your kill.
You and your allies can now gain power from killing the unholy and evil.
You can now call upon the Shining One for a divine shield.
You feel sick.
The wight hits you from afar with a +2 trident of freezing.
* * * LOW HITPOINT WARNING * * *
The wight freezes you.
* * * LOW HITPOINT WARNING * * *
You take 4 damage, and have 3/79 hp.
Unknown command.
It was a potion of degeneration.
There was something very wrong with that liquid.
You feel weakened.
You feel dopey.
You feel clumsy.
* * * LOW HITPOINT WARNING * * *
You feel sick.
The wight hits you from afar with a +2 trident of freezing.
The Shining One protects you from harm! The wight freezes you.
* * * LOW HITPOINT WARNING * * *
You take 2 damage, and have 1/79 hp.
It was a potion of attraction.
You feel attractive to monsters.
You die...

#.# ##.## ##...### #
##.#....# *##.##
#..#....###.#..##.*
#(.......#........
##............##,, *
#.........<....##. ,, ,*
##......)@........ ,
*#.......))....... *
*#.....z..........
,##..##................,,
...........##.....##... *
............#...#.#*...
,...............#### #.
................, *
...........y.... , ,


You could see a wight.

Vanquished Creatures
  2 black bears
  3 bullfrogs
  2 necrophages
  A scorpion (D:5)
  3 wights (D:8)
  6 killer bees
  3 howler monkeys
  A jelly (D:7)
  4 hounds
  An orc priest (D:7)
  3 iguanas
  3 orc wizards
  2 adders
  3 dart slugs (D:1)
  16 orcs
  8 endoplasms
  3 giant cockroaches
  3 goblins
  6 hobgoblins
  2 quokkas
  3 ball pythons
  3 bats
  5 kobolds
  A rat (D:2)
  A spectral orc (D:5)
88 creatures vanquished.

Notes
Turn   | Place    | Note
-------+----------+-------------------------------------------
     0 | D:1      | DEFE the Meteoran Fighter began the quest for the Orb.
     0 | D:1      | Reached XP level 1. HP: 19/19 MP: 2/2
   224 | D:1      | Reached XP level 2. HP: 26/26 MP: 3/3
   321 | D:1      | Reached skill level 4 in Armour
   321 | D:1      | Reached XP level 3. HP: 31/31 MP: 4/4
   486 | D:1      | Glimpsed the power of Zot.
   660 | D:2      | Found a faded altar of an unknown god.
   830 | D:2      | Reached XP level 4. HP: 12/40 MP: 5/5
  1077 | D:2      | Glimpsed the power of Zot.
  1447 | D:3      | Found a hazy altar of Hepliaklqana.
  1672 | D:3      | Glimpsed the power of Zot.
  1722 | D:3      | Glimpsed the power of Zot.
  1762 | D:3      | Glimpsed the power of Zot.
  1937 | D:4      | Reached XP level 5. HP: 46/46 MP: 6/6
  2062 | D:4      | Found a shadowy altar of Dithmenos.
  2083 | D:4      | Found an opulent altar of Gozag.
  2207 | D:4      | Noticed a black bear
  2229 | D:4      | Killed a black bear
  2230 | D:4      | Reached skill level 5 in Armour
  2230 | D:4      | Reached XP level 6. HP: 5/55 MP: 7/7
  2255 | D:4      | Glimpsed the power of Zot.
  2292 | D:5      | Entered Level 5 of the Dungeon
  2298 | D:5      | Reached skill level 5 in Fighting
  2375 | D:5      | Reached XP level 7. HP: 61/61 MP: 8/8
  2434 | D:5      | Reached skill level 5 in Axes
  2448 | D:5      | Noticed a moth of wrath
  2594 | D:5      | Reached skill level 6 in Armour
  2700 | D:5      | Found a basalt altar of Yredelemnul.
  2710 | D:5      | Found a glowing golden altar of the Shining One.
  2714 | D:5      | Became a worshipper of the Shining One
  2768 | D:6      | Reached XP level 8. HP: 54/70 MP: 9/9
  2816 | D:6      | Found a staircase to the Ecumenical Temple.
  3392 | D:7      | Reached skill level 7 in Armour
  4030 | D:7      | Gained mutation: You passively map the area around you.
                  | [Meteoran growth]
  4030 | D:7      | Reached XP level 9. HP: 19/79 MP: 10/10
  4250 | D:8      | Reached skill level 8 in Armour
  4253 | D:8      | Reached * piety under the Shining One
  4253 | D:8      | HP: 3/79 [wight/+2 trident of freezing (1)]
  4254 | D:8      | The Shining One protects you from harm!
  4254 | D:8      | HP: 1/79 [wight/+2 trident of freezing (2)]
  4255 | D:8      | Succumbed to a wight's poison

Illustrated notes

Levels and vault maps discovered:
D:1:      erik_arrival_triangle_huge, layout_basic, dreamdust_wishing_well,
          hex_large, hangedman_decor_peaks_small
D:2:      layout_loops_ring, hellmonk_ecumenical_altar_slurped_away,
          minmay_tetromino_t4
D:3:      layout_basic, general_overflow_altar, minmay_guardbox
D:4:      layout_gridville, grunt_gozag_breadcrumbs,
          nicolae_dithmenos_the_darkroom
D:5:      layout_loops_ring, yredelemnul_forgotten_temple_becter, tgw_trog,
          mainiacjoe_overflow_boulevard, gammafunk_temple_overflow_elements
D:6:      layout_basic, minmay_temple_entry_tees, kennysheep_generic_room_13
D:7:      layout_loops_ring
D:8:      layout_cave_pools, chequers_temple_overflow_statue_of_worship,
          nicolae_sif_muna_little_library, serial_park_tiny_1,
          uniq_prince_ribbit1

Skill      XL: |  1  2  3  4  5  6  7  8  9 |
---------------+----------------------------+-----
Armour         | 4 5 6 7 8 |  8.2
Axes           | 3 4 5 7 |  7.7
Fighting       | 4 5 7 |  7.4
Shields        | |  3.8

Action                   |  1- 3 |  4- 6 |  7- 9 || total
-------------------------+-------+-------+-------++-------
Melee: War axe           |    59 |    89 |   149 ||   297
       Punch             |       |     1 |     2 ||     3
  Use: Potion            |     1 |     1 |     4 ||     6
       Scroll            |       |     3 |    11 ||    14
Armor: Scale mail        |    36 |    72 |   138 ||   246
Dodge: Dodged            |    24 |    44 |    94 ||   162

Table legend: (Time is in decaauts)
 A = Elapsed time spent in this place.
 B = Non-inter-level travel time spent in this place.
 C = Inter-level travel time spent in this place.
 D = Time resting spent in this place.
 E = Time spent auto-exploring this place.
 F = Levels seen in this place.
 G = Mean time per level.
                   A        B        C        D        E       F      G
               +--------+--------+--------+--------+--------+-----+--------+
         Total |   4334 |   4132 |    202 |    535 |   2560 |   8 |  541.8 |
       Dungeon |   4334 |   4132 |    202 |    535 |   2560 |   8 |  541.8 |
               +--------+--------+--------+--------+--------+-----+--------+

Top non-repeatable levels by time:
     D:7: 944 daAuts
     D:3: 649 daAuts
     D:2: 610 daAuts
     D:4: 543 daAuts
     D:6: 539 daAuts
     D:1: 532 daAuts
     D:5: 471 daAuts
     D:8: 42 daAuts
